 Dungeon Crawl Stone Soup version 0.21.0-3-g78d12a8 (webtiles) character file.

2363 Gobbopathe the Insei (level 9, -3/46 HPs)
             Began as a Vine Stalker Transmuter on Jan 9, 2018.
             Was a Believer of Wu Jian.
             Shot with a sling bullet by Joseph (8 damage)
             ... on level 7 of the Dungeon.
             The game lasted 00:22:51 (6045 turns).

Gobbopathe the Insei (Vine Stalker Transmuter)      Turns: 6045, Time: 00:22:51

Health: -3/46      AC:  5    Str: 14    XL:     9   Next: 44%
Magic:  0/18       EV: 12    Int: 16    God:    Wu Jian [**....]
Gold:   407        SH:  0    Dex: 14    Spells: 7/18 levels left

rFire    + . .     SeeInvis .     - Unarmed
rCold    . . .     Gourm    .   (no shield)
rNeg     . . .     Faith    .   E - +2 robe {MR+}
rPois    .         Spirit   +   (no helmet)
rElec    .         Reflect  .   t - scarf {repulsion}
rCorr    .         Harm     .   x - +0 pair of gloves
MR       +++..                  (no boots)
Stlth    +.........             q - amulet of magic regeneration
HPRegen  0.55/turn              n - ring of protection from fire
MPRegen  0.41/turn              y - ring of protection from magic

@: repel missiles
A: fangs 3, regeneration 1, magic shield, antimagic bite, no potion heal 3, rot
immunity
a: Wall Jump, Renounce Religion


You were on level 7 of the Dungeon.
You worshipped Wu Jian.
Wu Jian was pleased with you.
You were hungry.

You visited 1 branch of the dungeon, and saw 8 of its levels.

You collected 435 gold pieces.
You spent 28 gold pieces at shops.

Inventory:

Hand Weapons
 b - a +0 hunting sling
Missiles
 a - 109 arrows
 h - 3 tomahawks (quivered)
 j - 177 stones
 l - 33 sling bullets
Armour
 f - a +1 cloak
 t - a scarf of repulsion (worn)
 x - a +0 pair of gloves (worn)
 E - a +2 robe of magic resistance (worn)
Jewellery
 n - a ring of protection from fire (left hand)
 q - an amulet of magic regeneration (around neck)
 y - a ring of protection from magic (right hand)
Wands
 w - a wand of paralysis (17)
Scrolls
 g - a scroll of fog {unknown}
 i - 6 scrolls of teleportation
 o - a scroll of noise {unknown}
 s - a scroll of remove curse
 v - a scroll of identify
 B - a scroll of immolation {unknown}
 D - a scroll of blinking {unknown}
Potions
 e - 2 potions of curing
 k - a potion of mutation
 m - a potion of haste {unknown}
 p - 2 potions of brilliance {unknown}
 r - a potion of ambrosia {unknown}
 u - 3 potions of agility
 A - a potion of might {unknown}
Books
 c - a book of Changes

   Spells                             Type                      Level
   a - Beastly Appendage              Transmutation                1
   b - Sticks to Snakes               Transmutation                2
   c - Spider Form                    Transmutation/Poison         3
   d - Ice Form                       Ice/Transmutation            4
   e - Blade Hands                    Transmutation                5
Comestibles
 d - 12 rations


   Skills:
 + Level 4.4 Fighting
 - Level 1.5 Dodging
 * Level 7.8 Unarmed Combat
 + Level 5.4 Spellcasting
 * Level 7.4 Transmutations


You had 7 spell levels left.
You knew the following spells:

 Your Spells              Type           Power        Failure   Level  Hunger
a - Beastly Appendage     Tmut           ####..       1%          1    None
b - Sticks to Snakes      Tmut           ####....     1%          2    #......
c - Spider Form           Tmut/Pois      ###.......   10%         3    ###....
d - Blade Hands           Tmut           ####......   19%         5    ######.


Dungeon Overview and Level Annotations

Branches:
Dungeon (8/15)             Temple (0/1) D:6
   Lair: D:8-11

Altars:
Dithmenos
Gozag
Nemelex Xobeh
Qazlal
Trog
Uskayaw
Wu Jian

Shops:
D:4 ?

Annotations:
D:3 komo4ek's ghost, amateur HuSu
D:4 Gobbopathe's ghost, amateur VSTm
D:7 Joseph
D:8 Pikel


Innate Abilities, Weirdness & Mutations

You have razor-sharp teeth.
Your natural rate of healing is unusually fast.
When hurt, damage is shared between your health and your magic reserves.
Your bite disrupts and absorbs the magic of your enemies.
Potions cannot restore your health.
You are immune to rotting.


Message History

The acid burns!
* * * LOW HITPOINT WARNING * * *
Joseph unwields an uncursed hunting sling.
Joseph wields an uncursed quarterstaff.
Joseph closely misses you.
You barely miss Joseph. You bite Joseph. You drain his power.
You feel invigorated.
Joseph is severely wounded.
You completely miss Joseph. You bite Joseph. You drain his power.
You feel invigorated.
Joseph is severely wounded.
Joseph hits you with an uncursed quarterstaff!
* * * LOW HITPOINT WARNING * * *
You hit Joseph. You bite Joseph. You drain his power.
You feel invigorated.
Joseph is severely wounded.
Joseph hits you with an uncursed quarterstaff.
* * * LOW HITPOINT WARNING * * *
Joseph unwields an uncursed quarterstaff.
Joseph wields an uncursed hunting sling.
Joseph shoots a sling bullet.
The sling bullet hits you!
You die...

#.# #.####.)##..#. ####. #.#
#............ #..o. #.#
........##..# #.### #.##
#####...##..# # # #.# #..#
#>..##..#.# #. #.# ##.#
#.(.##..#.###..#o## #.#..
#(..@..........ho.#
#.#..#####...##..#.......)...
#.#........#@##[.#####.#...##
#.#.###.....#((..# #.##.##
#.#.# ####.###.#.# # #.#
#.#.# ##..## ##..# ...
#.#.###....## ### ###
#...........# ###..........#
############


You could see Joseph.

Vanquished Creatures
  Duvessa (D:6)
  2 orc warriors (D:6)
  A black bear (D:6)
  A sky beast (D:8)
  2 phantoms
  3 ogres
  A necrophage (D:7)
  A centaur (D:7)
  4 bullfrogs
  Dowan (D:6)
  3 scorpions
  2 howler monkeys
  A jelly (D:7)
  A centaur skeleton (D:6)
  4 hounds
  5 orc priests
  2 bullfrog skeletons
  An iguana (D:4)
  3 orc wizards (D:6)
  A worker ant (D:6)
  A killer bee zombie (D:5)
  A worker ant zombie (D:5)
  7 adders
  4 gnolls (D:5)
  A howler monkey skeleton (D:6)
  An ooze (D:1)
  2 adder skeletons
  2 worms (D:3)
  A leopard gecko (D:1)
  13 orcs
  5 giant cockroaches
  3 goblins (D:3)
  8 hobgoblins
  15 jackals
  10 kobolds
  A quokka (D:6)
  A ball python (D:1)
  9 bats
  8 frilled lizards
  A jackal zombie (D:5)
  5 rats
139 creatures vanquished.

Notes
Turn   | Place    | Note
-------+----------+-------------------------------------------
     0 | D:1      | Gobbopathe the Vine Stalker Transmuter began the quest for the Orb.
     0 | D:1      | Reached XP level 1. HP: 9/9 MP: 4/4
   138 | D:1      | Reached skill level 1 in Fighting
   234 | D:1      | Reached XP level 2. HP: 14/14 MP: 6/6
   241 | D:1      | Learned a level 2 spell: Sticks to Snakes
   942 | D:2      | Reached XP level 3. HP: 18/18 MP: 5/7
   947 | D:2      | Learned a level 3 spell: Spider Form
  1418 | D:2      | Gained mutation: Your natural rate of healing is unusually fast. [Vine Stalker growth]
  1418 | D:2      | Reached XP level 4. HP: 22/22 MP: 8/8
  1846 | D:3      | Found an ornate altar of the Wu Jian Council.
  1847 | D:3      | Found an opulent altar of Gozag.
  2022 | D:3      | Found a stormy altar of Qazlal.
  2163 | D:3      | Noticed komo4ek's ghost (amateur HuSu)
  2201 | D:4      | Reached XP level 5. HP: 26/26 MP: 8/10
  2224 | D:4      | Noticed Gobbopathe's ghost (amateur VSTm)
  2238 | D:3      | Became a worshipper of the Wu Jian Council
  2252 | D:4      | Noticed an ogre
  2256 | D:5      | Entered Level 5 of the Dungeon
  2429 | D:4      | Noticed a phantom
  2863 | D:3      | Found a shadowy altar of Dithmenos.
  3117 | D:4      | Found a hide-covered altar of Uskayaw.
  3123 | D:4      | Reached XP level 6. HP: 29/30 MP: 11/11
  3231 | D:5      | Learned a level 5 spell: Blade Hands
  3276 | D:5      | Noticed an ice beast
  3471 | D:5      | Reached skill level 5 in Unarmed Combat
  3479 | D:5      | Reached XP level 7. HP: 30/35 MP: 8/13
  3730 | D:4      | Reached * piety under Wu Jian
  3792 | D:4      | Found Tumaeps's Magic Scroll Shoppe.
  3824 | D:4      | Bought a scroll of identify for 28 gold pieces
  4075 | D:4      | Reached skill level 5 in Transmutations
  4571 | D:6      | Gained mutation: You have razor-sharp teeth. [Vine Stalker growth]
  4571 | D:6      | Reached XP level 8. HP: 28/40 MP: 9/15
  4752 | D:6      | Found a bloodstained altar of Trog.
  4755 | D:6      | Found a sparkling altar of Nemelex Xobeh.
  4781 | D:6      | Found a staircase to the Ecumenical Temple.
  4785 | D:6      | Noticed Duvessa
  4797 | D:6      | Noticed Dowan
  4801 | D:6      | Killed Duvessa
  4809 | D:6      | Killed Dowan
  5512 | D:7      | Reached XP level 9. HP: 44/45 MP: 17/17
  5521 | D:7      | Reached skill level 5 in Spellcasting
  5873 | D:7      | Noticed Joseph
  5900 | D:8      | Reached ** piety under Wu Jian
  5998 | D:8      | Noticed Pikel
  6045 | D:7      | Shot with a sling bullet by Joseph

Skill      XL: |  1  2  3  4  5  6  7  8  9 |
---------------+----------------------------+-----
Fighting       | 1 2 3 4 |  4.4
Transmutations | 3 4 5 6 7 |  7.4
Unarmed Combat | 4 5 6 7 |  7.8
Spellcasting   | 3 4 5 |  5.4
Dodging        | |  1.5

Action                   |  1- 3 |  4- 6 |  7- 9 || total
-------------------------+-------+-------+-------++-------
Melee: Unarmed           |    78 |   136 |   242 ||   456
       Bite              |    19 |    26 |    33 ||    78
       Headbutt          |    10 |     2 |       ||    12
       Kick              |     4 |    13 |    20 ||    37
       Punch             |       |     2 |     3 ||     5
 Fire: Hunting sling     |     3 |       |       ||     3
Throw: Tomahawk          |     4 |     3 |       ||     7
 Cast: Beastly Appendage |    18 |    12 |    12 ||    42
       Spider Form       |       |     5 |    14 ||    19
Invok: Lunge             |       |    10 |    31 ||    41
       Whirlwind         |       |       |    16 ||    16
  Use: Scroll            |     2 |       |     6 ||     8
 Stab: Sleeping          |     1 |     1 |       ||     2
  Eat: Chunk             |     2 |     7 |    10 ||    19
Armor: Leather armour    |    14 |    28 |    13 ||    55
       Skin              |       |     2 |     5 ||     7
       Robe              |       |       |    12 ||    12
Dodge: Dodged            |    40 |    71 |   129 ||   240
       Deflected         |       |       |     3 ||     3
